 Dungeon Crawl Stone Soup version 0.30.2 (webtiles) character file.

Game seed: 655389338459140707

505 porpoise the Chopper (level 7, 0/62 HPs)
             Began as a Hill Orc Fighter on Feb 19, 2024.
             Killed from afar by Blork the orc (7 damage)
             ... with a puff of frost
             ... on level 4 of the Dungeon.
             The game lasted 00:08:43 (4123 turns).

porpoise the Chopper (Hill Orc Fighter)             Turns: 4123, Time: 00:08:43

Health: 0/62       AC: 10    Str: 21    XL:     7   Next: 18%
Magic:  7/7        EV:  9    Int:  8    God:
Gold:   204        SH:  5    Dex: 10    Spells: 6/6 levels left

rFire   . . .        a - +0 war axe
rCold   . . .        c - +0 buckler
rNeg    . . .        k - +0 scale mail
rPois   .            g - +1 helmet
rElec   .            (no cloak)
rCorr   .            q - +0 pair of gloves
SInv    +            (no boots)
Will    .....        (no amulet) Stlth
                     v - ring of see invisible
HPRegen 0.30/turn    (no ring)
MPRegen 0.10/turn

%: no passive effects
@: mighty
A: no striking features
a: no special abilities


You were on level 4 of the Dungeon.
You visited 2 branches of the dungeon, and saw 6 of its levels.

You collected 204 gold pieces.

Inventory:

Hand Weapons
 a - a +0 war axe (weapon)
 b - a +0 sling
Missiles
 i - 9 poisoned darts (quivered)
Armour
 c - a +0 buckler (worn)
 g - a +1 helmet (worn)
 k - a +0 scale mail (worn)
 q - a +0 pair of gloves (worn)
Jewellery
 v - a ring of see invisible (left hand)
Scrolls
 e - 2 scrolls of amnesia {unknown}
 h - a scroll of vulnerability {unknown}
 j - a scroll of enchant weapon {unknown}
 l - 3 scrolls of teleportation {unknown}
 o - a scroll of noise {unknown}
 p - a scroll of fog {unknown}
 r - a scroll of brand weapon {unknown}
 s - a scroll of blinking {unknown}
 u - a scroll of identify {unknown}
 x - a scroll of fear {unknown}
 y - 2 scrolls of enchant armour {unknown}
Potions
 f - a potion of brilliance {unknown}
 m - a potion of attraction {unknown}
 n - 2 potions of flight {unknown}
 t - 2 potions of ambrosia {unknown}
 w - 2 potions of curing {unknown}
 z - a potion of berserk rage {unknown}


   Skills:
 + Level 5.6 Fighting
 * Level 7.3 Axes
 - Level 3.2 Armour
 + Level 5.1 Shields


You had 6 spell levels left.
You didn't know any spells.
Your spell library contained the following spells:

 Spells                   Type           Power      Damage    Failure   Level
 Summon Small Mammal      Summ           0%         N/A       82%         1
 Ensorcelled Hibernation  Hex/Ice        0%         N/A       91%         2
 Call Canine Familiar     Summ           0%         N/A       99%         3
 Spider Form              Tmut/Pois      0%         N/A       99%         3
 Summon Guardian Golem    Hex/Summ       0%         N/A       99%         3
 Anguish                  Hex/Necr       0%         N/A       100%        4


Dungeon Overview and Level Annotations

Branches:
Dungeon (5/15)             Temple (1/1) D:4

Altars:
Ashenzari
Cheibriados
Elyvilon
Fedhas
Gozag
Hepliaklqana
Kikubaaqudgha
Makhleb
Nemelex Xobeh
Okawaru
Ru
Uskayaw
Vehumet
Wu Jian
Xom
Yredelemnul
The Shining One

Annotations:
D:4 Blork the orc


Message History

Blork the orc is lightly wounded.
Blork the orc closely misses you.
You barely miss Blork the orc.
Blork the orc is lightly wounded.
Blork the orc hits you with a +2 heavy scimitar!
You closely miss Blork the orc.
Blork the orc is lightly wounded.
Blork the orc screams, "I don't like you!"
Blork the orc completely misses you. You block Blork the orc's attack.
You closely miss Blork the orc.
Blork the orc is lightly wounded.
Blork the orc hits you with a +2 heavy scimitar.
You closely miss Blork the orc.
Blork the orc is lightly wounded.
Blork the orc barely misses you.
You hit Blork the orc.
Blork the orc is lightly wounded.
Blork the orc hits you with a +2 heavy scimitar!
You hit Blork the orc.
Blork the orc is moderately wounded.
Blork the orc barely misses you.
You feel very mighty all of a sudden.
Blork the orc looks angry.
You block Blork the orc's attack.
You hit Blork the orc but do no damage.
Blork the orc is moderately wounded.
You block Blork the orc's attack.
You barely miss Blork the orc.
Blork the orc is moderately wounded.
Blork the orc hits you with a +2 heavy scimitar!
* * * LOW HITPOINT WARNING * * *
Blork the orc closely misses you.
You barely miss Blork the orc.
Blork the orc is moderately wounded.
Blork the orc barely misses you.
You closely miss Blork the orc.
Blork the orc is moderately wounded.
Blork the orc points at you and mumbles some strange words.
The puff of frost hits you!
You die...

## ###. ### ###
###... #.#######.###
##.....
#..)@oo.....###<.....
######.......##......
#####....##.....
#####..#....
##.##.... #..###...
#.## ##.. ##.# ##.
#.## ##


You could see Blork the orc (fast) and an orc.

Vanquished Creatures
  An ogre (D:4)
  A scorpion (D:4)
  3 hounds (D:4)
  An iguana (D:4)
  3 orc wizards
  4 adders
  2 ufetubi (D:4)
  A worm (D:2)
  5 dart slugs
  19 orcs
  6 ball pythons
  7 bats
  14 endoplasms
  4 giant cockroaches
  8 hobgoblins
  11 kobolds
  4 quokkas
  3 frilled lizards (D:2)
  10 goblins
  4 rats
111 creatures vanquished.

Notes
Turn   | Place    | Note
-------+----------+-------------------------------------------
     0 | D:1      | porpoise the Hill Orc Fighter began the quest for the Orb.
     0 | D:1      | Reached XP level 1. HP: 19/19 MP: 1/1
    39 | D:1      | Found a faded altar of an unknown god.
    62 | D:1      | Reached skill level 3 in Axes
    67 | D:1      | Reached XP level 2. HP: 19/27 MP: 2/2
   498 | D:1      | Reached XP level 3. HP: 33/33 MP: 3/3
   620 | D:1      | Reached skill level 4 in Axes
  1026 | D:2      | Reached XP level 4. HP: 33/40 MP: 4/4
  1960 | D:3      | Reached skill level 5 in Axes
  1970 | D:3      | Reached XP level 5. HP: 14/47 MP: 5/5
  2915 | D:4      | Noticed an ogre
  2933 | D:4      | Killed an ogre
  2934 | D:4      | Reached skill level 5 in Fighting
  2934 | D:4      | Reached skill level 6 in Axes
  2934 | D:4      | Reached XP level 6. HP: 53/56 MP: 6/6
  3393 | D:4      | Reached skill level 7 in Axes
  3393 | D:4      | Reached skill level 5 in Shields
  3393 | D:4      | Reached XP level 7. HP: 36/61 MP: 7/7
  3646 | D:4      | Found a staircase to the Ecumenical Temple.
  3662 | Temple   | Entered the Ecumenical Temple
  4079 | D:5      | Entered Level 5 of the Dungeon
  4079 | D:5      | Noticed Blork the orc
  4123 | D:4      | Killed from afar by Blork the orc

Illustrated notes

Levels and vault maps discovered:
D:1:      evilmike_arrival_plus, layout_loops_ring,
          ebering_ecumenical_altar_hall
D:2:      minmay_general_purpose_star, layout_basic,
          minmay_misc_feat_four_crosses, minmay_misc_feat_rugged
D:3:      layout_basic, grunt_ministairs_7, serial_park_tiny_pond,
          minmay_box_of_dots
D:4:      minmay_diamond_boxcup, layout_cave_pods,
          minmay_temple_entry_mini_moons
D:5:      layout_loops_corners, amcnicky_altar_gilded,
          gammafunk_ghost_abyssal_escape, minmay_checkerbox, uniq_blork_the_orc,
          uniq_duvessa
Temple:   sentei_temple_godly_chess

Skill      XL: |  1  2  3  4  5  6 |
---------------+-------------------+-----
Axes           | 3 4 5 6 7 |  7.3
Fighting       | 4 5 |  5.6
Shields        | 4 5 |  5.1
Armour         | |  3.2

Action                     |  1- 3 |  4- 6 |  7- 9 || total
---------------------------+-------+-------+-------++-------
  Melee: War axe           |   109 |   179 |    38 ||   326
   Fire: Sling             |       |    18 |       ||    18
    Use: Potion            |       |       |     1 ||     1
 Armour: Scale mail        |    53 |   111 |    10 ||   174
  Dodge: Dodged            |    57 |    89 |    22 ||   168
  Block: Buckler           |    31 |    30 |    11 ||    72
